 Dungeon Crawl Stone Soup version 0.14-a0-736-g2a71271 (webtiles) character file.

239 EdWood the Skirmisher (level 4, -2/35 HPs)
             Began as a Demonspawn Artificer on Nov 7, 2013.
             Killed from afar by an orc wizard (7 damage)
             ... with a magic dart
             ... on Level 3 of the Dungeon.
             The game lasted 00:07:15 (3111 turns).

EdWood the Skirmisher (Demonspawn Artificer)        Turns: 3111, Time: 00:07:15

HP  -2/35        AC  4     Str 12      XL: 4   Next: 92%
MP   6/6         EV 11     Int 13      God:
Gold 107         SH  0     Dex 14      Spells:  0 memorised,  3 levels left

Res.Fire  : . . .   See Invis. : .   a - +0 short sword
Res.Cold  : . . .   Warding    : .   e - +0 leather armour
Life Prot.: . . .   Conserve   : .   (no shield)
Res.Poison: .       Res.Corr.  : .   (helmet restricted)
Res.Elec. : .       Clarity    : .   (no cloak)
Sust.Abil.: . .     Spirit.Shd : .   (no gloves)
Res.Mut.  : .       Stasis     : .   n - +0 pair of boots
Res.Rott. : .       Flight     : .   (no amulet)
Saprovore : . . .                    (no ring)
                                     (no ring)

@: slightly resistant to hostile enchantments, unstealthy
A: antennae 1, claws 1, talons 1
a: no special abilities


You were on level 3 of the Dungeon.
You were not hungry.

You visited 1 branch of the dungeon, and saw 3 of its levels.

You collected 107 gold pieces.

Inventory:

Hand weapons
 a - a +0,+0 short sword (weapon)
Armour
 e - a +0 leather armour (worn)
 n - a +0 pair of boots (worn)
Magical devices
 b - a wand of flame (4)
 c - a wand of enslavement (15)
 d - a wand of random effects (15)
Comestibles
 f - 2 bread rations
 j - a rotting chunk of worm flesh
 k - a choko
 l - a meat ration
Scrolls
 h - 2 scrolls of fear
 m - a scroll of recharging
 o - a scroll of amnesia {unknown}
 t - a scroll of identify
 u - a scroll of remove curse {unknown}
Potions
 g - 3 potions of might
 q - a potion of agility
 r - 3 potions of curing
 s - a potion of speed {unknown}
 v - a potion of magic {unknown}
Books
 p - a book of Necromancy

   Spells                             Type                      Level
   Pain                               Necromancy                   1
   Animate Skeleton                   Necromancy                   1
   Lethal Infusion                    Charms/Necromancy            2
   Vampiric Draining                  Necromancy                   3
   Regeneration                       Charms/Necromancy            3
   Animate Dead                       Necromancy                   4
   Control Undead                     Necromancy                   4


   Skills:
 + Level 4.8 Fighting
 - Level 0.8 Short Blades
 - Level 1.7 Dodging
 - Level 0.8 Stealth
 - Level 3.0 Evocations


You had 3 spell levels left.
You didn't know any spells.

Dungeon Overview and Level Annotations

Branches:
Dungeon (3/27)

Altars:
Kikubaaqudgha
the Shining One


Innate Abilities, Weirdness & Mutations

You have a pair of small antennae on your head.
You have sharp fingernails.
You have sharp toenails.


Message History

* * * LOW HITPOINT WARNING * * *
You hit the orc wizard.
The orc wizard is moderately wounded.
The orc wizard hits you with an orcish dagger of holy wrath.
* * * LOW HITPOINT WARNING * * *
You convulse.
* * * LOW HITPOINT WARNING * * *
You hit the orc wizard.
The orc wizard is heavily wounded.
The orc wizard gestures at you while chanting.
The magic dart hits you!
* * * LOW HITPOINT WARNING * * *
You hit the orc wizard but do no damage.
The orc wizard is heavily wounded.
The orc wizard closely misses you.
You hit the orc wizard.
The orc wizard is severely wounded.
The orc wizard gestures at you while chanting.
The magic dart hits you!
You die...

#..###### ###
........# #......#
........#####......#
........'...'......#
........### ......#
........# ...>.
........# ...
........# #o#
..[.....# #@#
...)....# #.#
###.##### #.#
###%###### #.#
.........# #####'####
.........###........#
.........).#........#
.........#.'........#
.........###........#


You could see an orc wizard.

Vanquished Creatures
  An orc wizard (D:3)
  Jessica (D:2)
  4 adders
  A worm (D:3)
  2 giant geckos
  An ooze (D:1)
  3 orcs
  A giant cockroach (D:1)
  7 goblins
  3 hobgoblins
  2 jackals (D:2)
  8 kobolds
  2 ball pythons
  4 bats
  6 giant newts
  4 rats
50 creatures vanquished.

Notes
Turn   | Place    | Note
--------------------------------------------------------------
     0 | D:1      | EdWood, the Demonspawn Artificer, began the quest for the Orb.
     0 | D:1      | Reached XP level 1. HP: 16/16 MP: 1/1
   344 | D:1      | Gained mutation: You have a pair of small antennae on your head. [demonic ancestry]
   344 | D:1      | Reached XP level 2. HP: 11/22 MP: 3/3
  1152 | D:2      | Gained mutation: You have sharp fingernails. [demonic ancestry]
  1152 | D:2      | Reached XP level 3. HP: 20/28 MP: 4/4
  1874 | D:2      | Noticed Jessica
  1888 | D:2      | Killed Jessica
  1934 | D:2      | Found an ancient bone altar of Kikubaaqudgha.
  2103 | D:2      | Reached skill level 4 in Fighting
  2103 | D:2      | Gained mutation: You have sharp toenails. [demonic ancestry]
  2103 | D:2      | Reached XP level 4. HP: 30/35 MP: 6/6
  2988 | D:3      | Found a glowing golden altar of the Shining One.
  3111 | D:3      | Killed from afar by an orc wizard

Action                   |  1- 3 |  4- 6 || total
-------------------------+-------+-------++-------
Melee: Short sword       |   127 |    84 ||   211
Evoke: Wand              |     4 |     7 ||    11
  Use: Scroll            |     8 |       ||     8
 Stab: Sleeping          |     1 |     1 ||     2
